 Dungeon Crawl Stone Soup version 0.27-a0-660-g90476cec82 (webtiles) character file.

Game seed: 3121420706911423761

293 robertstho the Chiller (level 6, 0/43 HPs)
             Began as a Demonspawn Ice Elementalist on Mar 16, 2021.
             Killed from afar by an orc wizard (6 damage)
             ... with a magic dart
             ... on level 4 of the Dungeon.
             The game lasted 00:05:58 (3828 turns).

robertstho the Chiller (DsIE)                       Turns: 3828, Time: 00:05:58

Health: 0/43       AC:  4    Str:  8    XL:     6   Next: 11%
Magic:  8/11       EV: 17    Int: 19    God:
Gold:   203        SH:  0    Dex: 13    Spells: 1/12 levels left

rFire    x . .     SeeInvis .   r - +0 war axe
rCold    + . .     Faith    .   (no shield)
rNeg     . . .     Spirit   .   a - +0 robe
rPois    +         Reflect  .   j - +2 hat
rElec    .         Harm     .   (no cloak)
rCorr    .         Rampage  .   (no gloves)
Will     .....                  (boots unavailable)
Stlth    +.........             (no amulet)
HPRegen  0.14/turn              q - ring of ice
MPRegen  0.12/turn              s - ring of poison resistance

@: confused, agile
A: talons 3, powered by pain 1
a: no special abilities


You were on level 4 of the Dungeon.
You visited 1 branch of the dungeon, and saw 4 of its levels.

You collected 203 gold pieces.

Inventory:

Hand Weapons
 c - a +0 dagger
 i - a +0 hand axe
 r - a +0 war axe (weapon)
Armour
 a - a +0 robe (worn)
 f - a +0 pair of boots
 j - a +2 hat (worn)
Jewellery
 h - a ring of see invisible
 q - a ring of ice (right hand)
 s - a ring of poison resistance (left hand)
Scrolls
 b - a scroll of teleportation
 d - a scroll of random uselessness {unknown}
 e - a scroll of magic mapping {unknown}
 l - a scroll of fear {unknown}
 m - a scroll of enchant weapon {unknown}
 p - a scroll of amnesia {unknown}
Potions
 g - a potion of haste
 k - 2 potions of curing
 n - 2 potions of flight {unknown}


   Skills:
 + Level 1.2 Fighting
 + Level 1.5 Axes
 + Level 2.2 Dodging
 + Level 2.4 Stealth
 * Level 3.5 Spellcasting
 * Level 5.1 Ice Magic


You had one spell level left.
You knew the following spells:

 Your Spells              Type           Power      Damage    Failure   Level
a - Freeze                Ice            100%       1d11      1%          1
b - Frozen Ramparts       Ice            68%        1d8       5%          3
c - Ozocubu's Armour      Ice            34%        N/A       5%          3
d - Hailstorm             Conj/Ice       19%        3d6       45%         4

Your spell library contained the following spells:

 Spells                   Type           Power      Damage    Failure   Level
 Magic Dart               Conj           12%        1d3       14%         1
 Blink                    Tloc           N/A        N/A       22%         2
 Call Imp                 Summ           3%         N/A       22%         2
 Slow                     Hex            3%         N/A       22%         2
 Conjure Flame            Conj/Fire      3%         6-21      41%         3
 Mephitic Cloud           Conj/Pois/Air  3%         N/A       41%         3
 Summon Ice Beast         Ice/Summ       19%        N/A       45%         4


Dungeon Overview and Level Annotations

Branches:
Dungeon (4/15)
 Temple: D:4-7

Altars:
Elyvilon


Innate Abilities, Weirdness & Mutations

You have claws for feet.
You sometimes gain a little power by taking damage.


Message History

The orc priest mumbles some strange prayers to Beogh against you.
Beogh smites you!
You focus on the pain.
You feel your power returning.
You miss the jackal.
The jackal is moderately wounded.
The wall freezes the jackal.
You kill the jackal!
The wall freezes the jackal.
The jackal bites you.
The orc priest mumbles some strange prayers to Beogh against you.
Beogh smites you!
You focus on the pain.
You feel agile all of a sudden.
The wall freezes the jackal.
You kill the jackal!
The jackal bites you but does no damage.
The orc priest looks encouraged for a moment.
Casting: Frozen Ramparts (dangerous; 5% risk of failure)
Confirm with . or Enter, or press ? or * to list all spells.
You feel a surge of power! A film of ice covers your body!
The orc wizard points at itself and mumbles some strange words.
The orc wizard flickers and vanishes!
Deactivating autopickup; reactivate with Ctrl-A.
The jackal completely misses you.
You barely miss the jackal. The jackal bites you.
The jackal bites you but does no damage.
The orc priest calls down the wrath of Beogh upon you.
Beogh smites you!
* * * LOW HITPOINT WARNING * * *
Unknown command.
Your icy armour and frozen ramparts will break if you move.
Continue?
Your icy armour cracks and falls away as you move.
The frozen ramparts melt away as you move.
The jackal closely misses you.
You hear some strange, mumbled words.
You are confused.
The jackal barely misses you.
You miss the jackal. You claw the jackal.
You kill the jackal!
The orc priest looks braver for a moment.
A magic dart appears from out of thin air!
The magic dart hits you.
You die...

.# ..# ..#
##########.#.##
#........#.....
#............#
#......<...#
.......@.(##.##
#.......†......
.....##.#o{....
####. #..Z.o...
# .........
.........
#.........
..........
.........


You could see 2 orc priests and an adder skeleton.

Vanquished Creatures
  An ogre (D:3)
  Jessica (D:3)
  Natasha (thrice) (D:2)
  4 adders
  An ooze (D:2)
  2 worms (D:3)
  A dart slug (D:3)
  3 leopard geckos
  2 orcs (D:3)
  8 bats
  3 giant cockroaches
  7 goblins
  7 hobgoblins
  5 jackals
  A ball python (D:1)
  5 kobolds
  8 rats
62 creatures vanquished.

Notes
Turn   | Place    | Note
-------+----------+-------------------------------------------
     0 | D:1      | robertstho the Demonspawn Ice Elementalist began the quest
                  | for the Orb.
     0 | D:1      | Reached XP level 1. HP: 13/13 MP: 3/3
   462 | D:1      | Reached skill level 4 in Ice Magic
   462 | D:1      | Gained mutation: You have sharp toenails. [demonic
                  | ancestry]
   462 | D:1      | Reached XP level 2. HP: 19/19 MP: 3/5
  1238 | D:2      | Noticed Natasha
  1242 | D:2      | Noticed a crimson imp
  1247 | D:2      | Killed Natasha
  1248 | D:2      | Gained mutation: You have razor-sharp toenails. [demonic
                  | ancestry]
  1248 | D:2      | Reached XP level 3. HP: 19/24 MP: 0/6
  1252 | D:2      | Learned a level 3 spell: Frozen Ramparts
  1566 | D:2      | Reached XP level 4. HP: 29/31 MP: 3/7
  2053 | D:2      | Noticed Natasha
  2059 | D:2      | Killed Natasha
  2123 | D:2      | Noticed Natasha
  2129 | D:2      | Killed Natasha
  2384 | D:2      | Gained mutation: You sometimes gain a little power by
                  | taking damage. [demonic ancestry]
  2384 | D:2      | Reached XP level 5. HP: 23/36 MP: 9/9
  2611 | D:3      | Reached skill level 1 in Axes
  3177 | D:3      | Reached skill level 1 in Fighting
  3208 | D:3      | Noticed an ogre
  3212 | D:3      | Killed an ogre
  3213 | D:3      | Reached skill level 5 in Ice Magic
  3472 | D:3      | Noticed Jessica
  3476 | D:3      | Killed Jessica
  3477 | D:3      | Gained mutation: You have claws for feet. [demonic
                  | ancestry]
  3477 | D:3      | Reached XP level 6. HP: 43/43 MP: 7/11
  3590 | D:3      | Learned a level 3 spell: Ozocubu's Armour
  3595 | D:3      | Learned a level 4 spell: Hailstorm
  3828 | D:4      | Killed from afar by an orc wizard

Illustrated notes

Levels and vault maps discovered:
D:1:      lightli_arrival_isolated_outpost, layout_basic
D:2:      layout_basic, uniq_natasha
D:3:      layout_loops_cross, elyvilon_altar_3, uniq_jessica
D:4:      layout_rooms

Skill      XL: |  1  2  3  4  5 |
---------------+----------------+-----
Ice Magic      | 4 5 |  5.1
Stealth        | 2 |  2.4
Dodging        | 2 |  2.2
Spellcasting   | 3 |  3.5
Axes           | 1 |  1.5
Fighting       | 1 |  1.2

Action                   |  1- 3 |  4- 6 || total
-------------------------+-------+-------++-------
Melee: Dagger            |    14 |       ||    14
       Unarmed           |     3 |       ||     3
       Hand axe          |    42 |    46 ||    88
       War axe           |       |    18 ||    18
       Kick              |       |     1 ||     1
 Cast: Freeze            |    22 |    20 ||    42
       Frozen Ramparts   |     2 |    11 ||    13
       Ozocubu's Armour  |       |     1 ||     1
  Use: Scroll            |       |     3 ||     3
 Stab: Sleeping          |     3 |     3 ||     6
Armor: Robe              |    29 |    23 ||    52
Dodge: Dodged            |    57 |    53 ||   110

Table legend: (Time is in decaauts)
 A = Elapsed time spent in this place.
 B = Non-inter-level travel time spent in this place.
 C = Inter-level travel time spent in this place.
 D = Time resting spent in this place.
 E = Time spent auto-exploring this place.
 F = Levels seen in this place.
 G = Mean time per level.
                   A        B        C        D        E       F      G
               +--------+--------+--------+--------+--------+-----+--------+
         Total |   3862 |   3738 |    124 |      0 |   3271 |   4 |  965.5 |
       Dungeon |   3862 |   3738 |    124 |      0 |   3271 |   4 |  965.5 |
               +--------+--------+--------+--------+--------+-----+--------+

Top non-repeatable levels by time:
     D:2: 1398 daAuts
     D:3: 1259 daAuts
     D:1: 1193 daAuts
     D:4: 11 daAuts
